 Dungeon Crawl Stone Soup version 0.24-a0-181-gd121a6d (console) character file.

Game seed: 15481475894341815161

134 Duffy the Insei (level 5, -4/33 HPs)
             Began as an Octopode Transmuter on Mar 14, 2019.
             Slain by an orc
             ... wielding a +2 falchion of electrocution
              (11 damage)
             ... on level 3 of the Dungeon.
             The game lasted 00:02:28 (2898 turns).

Duffy the Insei (Octopode Transmuter)               Turns: 2898, Time: 00:02:29

Health: -4/33      AC:  2    Str:  9    XL:     5   Next: 17%
Magic:  5/9        EV: 20    Int: 16    God:
Gold:   61         SH:  0    Dex: 18    Spells: 4/10 levels left

rFire    . . .     SeeInvis .     - Unarmed
rCold    . . .     Gourm    .   (shield currently unavailable)
rNeg     . . .     Faith    .   (helmet currently unavailable)
rPois    x         Spirit   .   (no amulet)
rElec    .         Reflect  .   (no ring)
rCorr    .         Harm     .   (no ring)
MR       .....                  (no ring)
Stlth    ++........             (no ring)
HPRegen  0.11/turn              (no ring)
MPRegen  0.11/turn              (no ring)
                                (no ring)
                                (no ring)

@: spider-form
A: tiny, almost no armour, stealthy swim, (amphibious), 8 rings, (constrict 8)
a: End Transformation


You were on level 3 of the Dungeon.
You were not hungry.
You were a venomous arachnid creature.
You visited 1 branch of the dungeon, and saw 3 of its levels.

You collected 61 gold pieces.

Inventory:

Missiles
 a - 60 arrows
Armour
 b - a +1 hat (melded)
 f - a +0 buckler
Scrolls
 d - 2 scrolls of remove curse {unknown}
 e - 2 scrolls of identify {unknown}
 g - a scroll of fog {unknown}
 i - a scroll of amnesia {unknown}
 k - a scroll of teleportation {unknown}
Comestibles
 c - 6 rations
 j - 2 chunks of flesh


   Skills:
 - Level 1.0 Fighting
 - Level 2.0 Dodging
 + Level 3.9 Unarmed Combat
 + Level 3.1 Spellcasting
 - Level 3.0 Transmutations
 + Level 2.1 Poison Magic


You had 4 spell levels left.
You knew the following spells:

 Your Spells              Type           Power        Failure   Level  Hunger
h - Beastly Appendage     Tmut           ##....       16%         1    #......
j - Sticks to Snakes      Tmut           ##......     22%         2    ##.....
k - Spider Form           Tmut/Pois      ##........   41%         3    ###....

Your spell library contained the following spells:

 Spells                   Type           Power        Failure   Level  Hunger
 Ice Form                 Ice/Tmut       #.......     86%         4    #####..
 Blade Hands              Tmut           ##........   94%         5    ######.


Dungeon Overview and Level Annotations

Branches:
Dungeon (3/15)

Altars:
Fedhas


Innate Abilities, Weirdness & Mutations

You cannot wear most types of armour.
You are very stealthy in the water. (Stealth+)
((You are amphibious.))
You can wear up to eight rings at the same time.
((You can use your tentacles to constrict eight enemies at once.))
((Your skin changes colour to match your surroundings (Stealth+).))
((Your rubbery body absorbs attacks. (AC +1, EV +1)))


Message History

You tentacle-slap the orc. You grab the orc.
You pierce the orc.
You squeeze the orc.
The orc is heavily wounded.
You constrict the orc, but do no damage.
The orc closely misses you.
An orc comes into view.
It is wielding a +2 falchion of electrocution.
You tentacle-slap the orc.
You kill the orc!
An orc wizard comes into view. It is wielding a +0 dagger.
The orc hits you but does no damage.
You see here a +0 short sword.
The orc wizard shouts!
Items here: %%%%% )))) [[[ Cast which spell? (? or * to list)
Your tentacle spike disappears.
You turn into a venomous arachnid creature.
Your +1 hat melds into your body.
The orc misses you.
The orc hits you with a +2 falchion of electrocution.
You are electrocuted!
You die...

######## #####......#
####### #...#......#
......#
##...#......#######......#
.................so......#
######......#######......#
#......# #...### ########
..<... ....# ..... ...#
.#(#


You could see an orc.

Vanquished Creatures
  An orc wizard (D:3)
  3 adders
  3 oozes (D:2)
  A dart slug (D:1)
  A leopard gecko (D:1)
  6 orcs (D:3)
  12 bats
  7 goblins
  6 hobgoblins
  3 jackals (D:3)
  4 kobolds
  A quokka (D:2)
  4 frilled lizards
  5 rats
57 creatures vanquished.

Notes
Turn   | Place    | Note
-------+----------+-------------------------------------------
     0 | D:1      | Duffy the Octopode Transmuter began the quest for the Orb.
     0 | D:1      | Reached XP level 1. HP: 13/13 MP: 3/3
   232 | D:1      | Reached XP level 2. HP: 15/18 MP: 5/5
  1386 | D:2      | Reached XP level 3. HP: 17/23 MP: 4/6
  1390 | D:2      | Learned a level 2 spell: Sticks to Snakes
  1394 | D:2      | Learned a level 3 spell: Spider Form
  1962 | D:2      | Reached XP level 4. HP: 25/28 MP: 5/8
  2055 | D:2      | Reached skill level 1 in Poison Magic
  2747 | D:3      | Found a blossoming altar of Fedhas.
  2839 | D:3      | Reached XP level 5. HP: 4/33 MP: 6/9
  2898 | D:3      | Slain by an orc

Levels and vault maps discovered:
D:1:      minmay_arrival_arboretum_small, layout_loops_corners,
          minmay_misc_feat_encased
D:2:      layout_basic
D:3:      layout_basic, portal_sewer_entry_b, first_ration, fedhas_altar_1,
          uniq_natasha

Skill      XL: |  1  2  3  4  5 |
---------------+----------------+-----
Poison Magic   | 1 2 |  2.1
Transmutations | 3 |  3.0
Spellcasting   | 3 |  3.1
Fighting       | |  1.0
Dodging        | |  2.0
Unarmed Combat | |  3.9

Action                   |  1- 3 |  4- 6 || total
-------------------------+-------+-------++-------
Melee: Unarmed           |    65 |    61 ||   126
       Constrict         |    18 |    10 ||    28
       Tentacles         |    11 |     5 ||    16
       Kick              |     6 |     8 ||    14
       Punch             |     1 |       ||     1
 Cast: Beastly Appendage |     7 |     8 ||    15
       Spider Form       |       |     4 ||     4
  Use: Potion            |       |     1 ||     1
 Stab: Sleeping          |    10 |     1 ||    11
  Eat: Chunk             |     3 |     4 ||     7
Armor: Skin              |    18 |    10 ||    28
Dodge: Dodged            |    47 |    31 ||    78

Table legend:
 A = Non-vault XP
 B = Vault XP
 C = Vault XP percentage of total XP
 D = Non-vault monster count
 E = Vault monster count
 F = Vault count percentage of total count
                 A         B        C        D         E       F
            +---------+---------+-------+---------+---------+-------
      Total |     192 |       0 |   0.0 |      57 |       0 |   0.0
            +---------+---------+-------+---------+---------+-------
        D:1 |      33 |       0 |   0.0 |      20 |       0 |   0.0
        D:2 |      68 |       0 |   0.0 |      19 |       0 |   0.0
        D:3 |      91 |       0 |   0.0 |      18 |       0 |   0.0
            +---------+---------+-------+---------+---------+-------
